 Dungeon Crawl Stone Soup version 0.29-a0-757-g358383bc75 (webtiles) character file.

Game seed: 14016248075857875547

3 Sabo the Ducker (level 1, 18/18 HPs)
             Began as a Djinni Gladiator on July 1, 2022.
             Was a Follower of Fedhas.
             Got out of the dungeon alive.
             The game lasted 00:01:37 (234 turns).

Sabo the Ducker (Djinni Gladiator)                   Turns: 234, Time: 00:01:37

Health: 18/18      AC:  4    Str: 13    XL:     1   Next: 55%
Gold:   6          EV: 12    Int:  9    God:    Fedhas [*.....] SH:  0 Dex: 14

rFire   + + .      SeeInvis .   a - +0 long sword
rCold   x . .      Faith    .   (no shield)
rNeg    . . .      Spirit   .   b - +0 leather armour
rPois   ∞          Reflect  .   c - +0 helmet
rElec   .          Harm     .   (no cloak)
rCorr   .          Rampage  .   (no gloves)
Will    .....                   (boots unavailable)
Stlth   +.........              (no amulet)
HPRegen 0.06/turn               (no ring)
MPRegen 0.00/turn               (no ring)

@: flying
A: sickness immunity, fire resistance 2, cold vulnerability 1, float, innate
caster, HP casting, extra vitality 1
a: Renounce Religion


You escaped.
You worshipped Fedhas.
Fedhas was aware of your devotion.
You visited 1 branch of the dungeon, and saw 1 of its levels.

You collected 6 gold pieces.

Inventory:

Hand Weapons
 a - a +0 long sword (weapon)
Missiles
 d - 3 throwing nets (quivered)
 e - a javelin
Armour
 b - a +0 leather armour (worn)
 c - a +0 helmet (worn)
Scrolls
 f - a scroll of enchant weapon {unknown}
Potions
 g - a potion of might {unknown}


   Skills:
 + Level 2.0 Fighting
 + Level 2.8 Long Blades
 + Level 1.7 Throwing
 + Level 3.3 Dodging


You couldn't memorise any spells.
You didn't know any spells.
Your spell library was empty.

Dungeon Overview and Level Annotations

Branches:
Dungeon (1/15)

Altars:
Fedhas


Innate Abilities, Weirdness & Mutations

You are immune to sickness and miasma.
You are immune to poison.
Your flesh is very heat resistant. (rF++)
You are vulnerable to cold. (rC-)
You float through the air rather than walking.
You learn spells naturally, not from books.
Your magical power is your life essence.
You have superior vitality. (+4 MHP)


Message History

You kill the quokka!
You see here a quokka corpse.
f - a scroll labelled SOOMESAEFA You now have 6 gold pieces.
You reach down and open the door.
Found a leather armour.
There is an open door here.
You don't know any spells.
Found a green potion.
As you open the door, it creaks loudly!
There is an open door here.
g - a green potion
Found Plato's Papyrus of Moulding.
Found a faded altar of an unknown god.
A frilled lizard comes into view.
The frilled lizard hisses angrily.
The frilled lizard closely misses you.
You miss the frilled lizard. The frilled lizard closely misses you.
The frilled lizard bites you.
You hit the frilled lizard.
You kill the frilled lizard!
You see here a frilled lizard corpse.
You start resting.
HP restored.
There is a faded altar of an unknown god here.
You see here Plato's Papyrus of Moulding.
You cannot tell which god this altar belongs to.
Convert to them anyway?
Fedhas accepts your prayer! Fedhas welcomes you!
The plants of the dungeon cease their hostilities.
You reach down and open the door.
There is an open door here.
Found a stone staircase leading down.
There is an open door here.
You see here a bat corpse.
You see here 3 stones.
You see here a bat skeleton.
There is a staircase leading out of the dungeon here.
You can't go down here!
Are you sure you want to leave the Dungeon?
This will make you lose the game!
You have escaped!

# #### #... #...
#... #... #.#
#####... ######.#
#...#... #.@.##.#
#...#... #...##.#
#...#... ♣...♣#.#
###..[#### #.♣.##.#
#.'...'... ♣.♣.♣#.#
#.#...#### #...##.#
#.#....... ♣...♣#.#
#.#.......
#...##.###.####....
♣...♣#.##..#.......


There were no monsters in sight!

Vanquished Creatures
  A bat (D:1)
  A quokka (D:1)
  A frilled lizard (D:1)
3 creatures vanquished.

Notes
Turn   | Place    | Note
-------+----------+-------------------------------------------
     0 | D:1      | Sabo the Djinni Gladiator began the quest for the Orb.
     0 | D:1      | Reached XP level 1. HP: 18/18 MP: 0/0
   108 | D:1      | Found a faded altar of an unknown god.
   137 | D:1      | Prayed at the altar of an unknown god.
   137 | D:1      | Became a worshipper of Fedhas Madash
   137 | D:1      | Reached * piety under Fedhas
   234 | D:$      | Got out of the dungeon alive.

Illustrated notes

Levels and vault maps discovered:
D:1:      minmay_arrival_plants_in_alcoves, layout_basic, serial_shops, shop,
          shapermc_ecumenical_altar_rom_forum, serial_bayou_pond_e,
          minmay_misc_feat_alley, minmay_misc_feat_cross

Action                   || total
-------------------------++-------
Melee: Long sword        ||     6
Armor: Leather armour    ||     2
Dodge: Dodged            ||     9

Table legend: (Time is in decaauts)
 A = Elapsed time spent in this place.
 B = Non-inter-level travel time spent in this place.
 C = Inter-level travel time spent in this place.
 D = Time resting spent in this place.
 E = Time spent auto-exploring this place.
 F = Levels seen in this place.
 G = Mean time per level.
                   A        B        C        D        E       F      G
               +--------+--------+--------+--------+--------+-----+--------+
         Total |    235 |    235 |      0 |     28 |      0 |   1 |  235.0 |
       Dungeon |    235 |    235 |      0 |     28 |      0 |   1 |  235.0 |
               +--------+--------+--------+--------+--------+-----+--------+

Top non-repeatable levels by time:
     D:1: 235 daAuts
